 Dungeon Crawl Stone Soup version 0.31.0-11-ge490571c62 (webtiles) character file.

Game seed: 5925016170997990892

17798 thirtiethelement the Basher (level 12, -16/123 HPs)
             Began as a Demonspawn Berserker on Jan 29, 2024.
             Was a High Priest of Trog.
             Demolished by a hell knight
             ... wielding a +5 heavy demon blade
              (24 damage)
             ... on level 11 of the Dungeon.
             The game lasted 00:23:29 (10865 turns).

thirtiethelement the Basher (Demonspawn Berserker) Turns: 10865, Time: 00:23:30

Health: -16/123    AC: 17    Str: 29    XL:     12   Next: 22%
Magic:  0/12       EV:  9    Int:  4    God:    Trog [*****.]
Gold:   865        SH: 11    Dex: 12    Spells: 11/11 levels left

rFire   + + +        E - +3 mace "Tollalew" {drain, rF+++ rN+ Int-5}
rCold   . . .        G - +0 buckler
rNeg    + + .        C - +0 plate armour {rF+}
rPois   .            (helmet restricted)
rElec   +            y - +1 cloak {Stlth+}
rCorr   +            b - +0 pair of gloves
SInv    +            (no boots)
Will    .....        d - amulet "Bapiffo" {Spirit *Corrode Str+7} Stlth
                     n - ring of resist corrosion
HPRegen 0.40/turn    x - ring of positive energy
MPRegen 0.13/turn

%: corrode self (3%), guardian spirit
@: berserking, very quick
A: large bone plates 2, foul stench 1, condensation shield, demonic touch 2,
horns 1, see invisible, frail 1, electricity resistance
a: Renounce Religion, Berserk, Trog's Hand, Brothers in Arms


You were on level 11 of the Dungeon.
You worshipped Trog.
Trog was extremely pleased with you.
You visited 2 branches of the dungeon, and saw 14 of its levels.
You also visited: Sewer.

You collected 865 gold pieces.

Inventory:

Hand Weapons
 h - a +6 morningstar of protection
 E - the +3 mace "Tollalew" (weapon) {drain, rF+++ rN+ Int-5}
   (You found it on level 10 of the Dungeon)

   Int-5:     It affects your intelligence (-5).
   rF+++:     It renders you almost immune to fire.
   rN+:       It protects you from negative energy.
Missiles
 g - 10 curare-tipped darts
 w - 9 boomerangs (quivered)
Armour
 b - a +0 pair of gloves (worn)
 p - a +0 helmet
 v - a +1 cloak of preservation
 y - a +1 cloak of stealth (worn)
 C - a +0 plate armour of fire resistance (worn)
 G - a +0 buckler (worn)
Jewellery
 d - the amulet "Bapiffo" (around neck) {Spirit *Corrode Str+7}
   (You acquired it on level 4 of the Dungeon)

   [amulet of guardian spirit]

   Spirit:    It causes incoming damage to be divided between your reserves of
   health and magic.
   Str+7:     It affects your strength (+7).
   *Corrode:  It may corrode you when you take damage.
 n - a ring of resist corrosion (left hand)
 x - a ring of positive energy (right hand)
Wands
 t - a wand of roots (11)
 u - a wand of paralysis (15)
 z - a wand of digging (3)
 A - a wand of polymorph (18)
 F - a wand of flame (14)
Scrolls
 a - 6 scrolls of teleportation
 e - a scroll of butterflies
 l - 4 scrolls of blinking
 q - 4 scrolls of fear
 s - 2 scrolls of fog
 D - a scroll of enchant armour
 H - a scroll of enchant weapon
Potions
 f - 5 potions of lignification
 j - 2 potions of might
 k - a potion of heal wounds
 m - a potion of cancellation {unknown}
 o - 2 potions of haste
 r - a potion of berserk rage {unknown}
 B - a potion of ambrosia {unknown}
 I - 2 potions of enlightenment
Miscellaneous
 c - a phantom mirror (inert)


   Skills:
 + Level 8.0 Fighting
 + Level 4.1(8.8) Axes
 + Level 12.0(12.3) Maces & Flails
 + Level 1.1 Throwing
 + Level 8.8 Armour
 + Level 4.8 Dodging
 + Level 1.2 Stealth
 + Level 6.9 Shields


You had 11 spell levels left.
You didn't know any spells.
Your spell library contained the following spells:

 Spells                   Type           Power      Damage    Failure   Level
 Lesser Beckoning         Tloc           0%         N/A       100%        2
 Scorch                   Fire           0%         2d5       100%        2
 Sublimation of Blood     Necr           0%         N/A       100%        2
 Dazzling Flash           Conj/Hex       0%         N/A       100%        3
 Gell's Gravitas          Tloc           0%         N/A       100%        3
 Mephitic Cloud           Conj/Alch/Air  0%         N/A       100%        3
 Ozocubu's Armour         Ice            0%         N/A       100%        3
 Teleport Other           Tloc           0%         N/A       100%        3
 Tukima's Dance           Hex            0%         N/A       100%        3
 Volatile Blastmotes      Fire/Tloc      0%         2d10      100%        3
 Dimensional Bullseye     Hex/Tloc       0%         N/A       100%        4
 Iskenderun's Mystic Bla  Conj/Tloc      0%         2d3       100%        4
 Petrify                  Alch/Erth      0%         N/A       100%        4
 Irradiate                Conj/Alch      0%         3d11      100%        5
 Metabolic Englaciation   Hex/Ice        0%         N/A       100%        5
 Silence                  Hex/Air        0%         N/A       100%        5
 Sculpt Simulacrum        Ice/Alch       0%         N/A       100%        6
 Starburst                Conj/Fire      0%         6d3       100%        6
 Maxwell's Capacitive Co  Air            0%         ∞         100%        8


Dungeon Overview and Level Annotations

Branches:
Dungeon (13/15)            Temple (1/1) D:7            Lair (0/5) D:9
    Orc (0/2) D:11          Sewer (visited)
 Vaults: D:13-14

Altars:
Ashenzari
Cheibriados
Dithmenos
Fedhas
Gozag
Hepliaklqana
Kikubaaqudgha
Makhleb
Nemelex Xobeh
Okawaru
Qazlal
Ru
Sif Muna
Trog
Uskayaw
Vehumet
Wu Jian
Xom
Yredelemnul

Portals:
Trove: D:10 (give 4 potions of resistance)


Innate Abilities, Weirdness & Mutations

You are mostly covered in large bone plates. (SH +6)
You may rarely emit foul miasma when damaged in melee.
A meltable shield of frost defends you. (SH +0)
Your touch may inflict irresistible damage on your foes.
You have a pair of small horns on your head.
You have supernaturally acute eyesight. (SInv)
You are frail. (-10% HP)
You are resistant to electric shocks. (rElec)


Message History

The hell knight hits you with a +5 heavy demon blade!!
You closely miss the hell knight. Your headbutt misses the hell knight.
The hell knight is moderately wounded.
You hit the hell knight. Your headbutt misses the hell knight.
The hell knight is moderately wounded.
The hell knight barely misses you.
You closely miss the hell knight. Your headbutt misses the hell knight.
The hell knight is moderately wounded.
You block the hell knight's attack.
You barely miss the hell knight.
The hell knight is moderately wounded.
The hell knight hits you with a +5 heavy demon blade!!
You hit the hell knight but do no damage.
Your headbutt misses the hell knight.
The hell knight is moderately wounded.
You float gracefully downwards.
Your enlightenment fades.
The hell knight hits you with a +5 heavy demon blade!!
* * * LOW HITPOINT WARNING * * *
You feel much better.
The sentinel's mark upon you fades away.
The hell knight calls down the wrath of its god upon you.
The bolt of fire hits you. You resist.
* * * LOW HITPOINT WARNING * * *
A red film seems to cover your vision as you go berserk!
You feel yourself moving faster!
You feel mighty!
The hell knight calls down the wrath of its god upon you.
The bolt of fire hits you. You resist.
* * * LOW HITPOINT WARNING * * *
You hit the hell knight. You drain the hell knight.
The hell knight is heavily wounded.
The hell knight hits you with a +5 heavy demon blade!!
* * * LOW HITPOINT WARNING * * *
You barely miss the hell knight.
The hell knight is heavily wounded.
You hit the hell knight. You drain the hell knight.
Your headbutt misses the hell knight.
The hell knight is heavily wounded.
The hell knight hits you with a +5 heavy demon blade!!
You die...

#..# ###............## #..#
#......^........##
#..#####.#############..###
#........#.. #.....
#........#.# #.....
#..#####.#.# #.#### #..#
##.≈.# #.# #..# ##..≈.# #.#
#..###...≈@# #.####
#........≈p# #.....
#........§.# #.....
#..#####.#.# #.#### #..#
#.#.# #.# # #..#
#.#.....<.. #.# # #..#
#.#############.# #
#..#####...............####
#..........................


You could see a hell knight (fast, drained).

Vanquished Creatures
  Azrael (D:12)
  A centaur warrior (D:13)
  5 two-headed ogres
  A tengu warrior (D:11)
  A deep elf pyromancer (D:10)
  Pikel (D:8)
  A gargoyle (D:11)
  Maggie (D:8)
  A guardian mummy (D:10)
  A tengu conjurer (D:11)
  A troll (D:9)
  Prince Ribbit (D:8)
  Sigmund (D:5)
  2 shadows
  5 wraiths
  12 yaks
  2 vampires (D:10)
  4 wyverns
  A fire elemental (D:12)
  3 steam dragons
  A warg (D:11)
  A water moccasin (D:9)
  7 hell hounds
  8 orc warriors
  A sky beast (D:8)
  The ghost of yentook the Trooper, an amateur DrBe of Trog (D:3)
  A black bear (D:7)
  2 boggarts (D:8)
  3 ogres
  An ice beast (D:5)
  3 centaurs
  2 phantoms (D:5)
  2 kobold brigands
  2 brain worms (Sewer)
  5 bullfrogs (D:7)
  A gnoll sergeant (D:9)
  3 scorpions
  A wyvern zombie (D:3)
  8 wights
  8 killer bees
  2 howler monkeys
  A bombardier beetle (D:5)
  6 hounds
  8 orc priests
  2 jellies
  A bullfrog skeleton (D:3)
  2 gnoll boudas (D:7)
  A sleepcap (D:5)
  2 iguanas
  10 orc wizards
  Natasha (thrice) (D:2)
  17 gnolls
  11 adders
  3 ufetubi
  4 dart slugs
  A ribbon worm (D:2)
  27 orcs
  9 ball pythons
  7 endoplasms
  9 giant cockroaches
  5 goblins
  2 hobgoblins
  10 jackals
  9 kobolds
  7 quokkas
  8 bats
  7 frilled lizards
  5 rats
286 creatures vanquished.

Vanquished Creatures (collateral kills)
  Sonja (D:11)
1 creature vanquished.

Vanquished Creatures (others)
  An orc wizard (D:8)
  A white imp (D:7)
2 creatures vanquished.

Grand Total: 289 creatures vanquished

Notes
Turn   | Place    | Note
-------+----------+-------------------------------------------
     0 | D:1      | thirtiethelement the Demonspawn Berserker began the quest
                  | for the Orb.
     0 | D:1      | Reached XP level 1. HP: 18/18 MP: 1/1
   167 | D:1      | Gained mutation: Your touch may inflict minor irresistible
                  | damage on your foes. [demonic ancestry]
   167 | D:1      | Reached XP level 2. HP: 24/24 MP: 2/2
   344 | D:1      | Reached XP level 3. HP: 27/29 MP: 3/3
   814 | D:2      | Reached ** piety under Trog
  1118 | D:2      | Noticed Natasha
  1125 | D:2      | Killed Natasha
  1126 | D:2      | Gained mutation: You are partially covered in large bone
                  | plates. (SH +4) [demonic ancestry]
  1126 | D:2      | Reached XP level 4. HP: 26/37 MP: 4/4
  1357 | D:2      | Noticed Natasha
  1370 | D:2      | Killed Natasha
  1583 | D:2      | Noticed Natasha
  1594 | D:2      | Killed Natasha
  1595 | D:2      | Reached XP level 5. HP: 39/42 MP: 5/5
  1724 | D:3      | Found a faded altar of an unknown god.
  1789 | D:3      | Found a broken altar of Ashenzari.
  1842 | D:3      | Found a transporter.
  1843 | D:3      | Noticed yentook's ghost (amateur DrBe)
  1844 | D:3      | Found a transporter.
  2483 | D:3      | Found an ornate altar of the Wu Jian Council.
  2494 | D:3      | Found a radiant altar of Vehumet.
  2805 | D:3      | Killed yentook's ghost
  2806 | D:3      | Reached skill level 1 in Maces & Flails
  2806 | D:3      | Gained mutation: Your touch may inflict irresistible damage
                  | on your foes. [demonic ancestry]
  2806 | D:3      | Reached XP level 6. HP: 28/48 MP: 6/6
  3278 | D:4      | Identified a scroll of acquirement
  3278 | D:4      | Acquired the amulet "Bapiffo" {Spirit *Corrode Str+7}
  3423 | D:4      | Got the Quarto of Turbulent Fever
  3466 | D:4      | Reached skill level 2 in Maces & Flails
  3466 | D:4      | Reached skill level 1 in Shields
  3521 | D:4      | Gained mutation: You may rarely emit foul miasma when
                  | damaged in melee. [demonic ancestry]
  3521 | D:4      | Reached XP level 7. HP: 52/54 MP: 7/7
  3560 | D:4      | Reached *** piety under Trog
  3827 | D:5      | Entered Level 5 of the Dungeon
  3831 | D:5      | Found an opulent altar of Gozag.
  3859 | D:5      | Noticed Sigmund
  3868 | D:5      | Killed Sigmund
  3869 | D:5      | Reached skill level 3 in Maces & Flails
  3946 | D:5      | Found a glowing drain.
  3951 | Sewer    | Entered a sewer
  4083 | Sewer    | Reached skill level 4 in Maces & Flails
  4196 | Sewer    | Gained mutation: A meltable shield of frost defends you.
                  | (SH +0) [demonic ancestry]
  4196 | Sewer    | Reached XP level 8. HP: 61/61 MP: 8/8
  4619 | D:5      | Found a shimmering altar of Xom.
  4689 | D:5      | Reached skill level 5 in Maces & Flails
  4880 | D:6      | Found a blossoming altar of Fedhas.
  5102 | D:6      | Reached skill level 6 in Maces & Flails
  5107 | D:6      | Reached skill level 5 in Armour
  5221 | D:6      | Acquired a +0 cloak of stealth
  5499 | D:6      | Identified the +3 leather armour "Luniell" {rC++ rN+ Str-5}
  5592 | D:7      | Reached skill level 5 in Fighting
  5617 | D:7      | Reached **** piety under Trog
  5618 | D:7      | Gained mutation: You are mostly covered in large bone
                  | plates. (SH +6) [demonic ancestry]
  5618 | D:7      | Reached XP level 9. HP: 50/68 MP: 5/9
  5805 | D:7      | Reached skill level 7 in Maces & Flails
  6018 | D:7      | Found an iron altar of Okawaru.
  6281 | D:7      | Found a staircase to the Ecumenical Temple.
  6301 | Temple   | Entered the Ecumenical Temple
  6666 | D:8      | Noticed a two-headed ogre
  6683 | D:8      | Killed a two-headed ogre
  6684 | D:8      | Reached skill level 8 in Maces & Flails
  6684 | D:8      | Reached XP level 10. HP: 75/75 MP: 7/10
  6755 | D:8      | Noticed Pikel
  6773 | D:8      | Killed Pikel
  7183 | D:8      | Reached skill level 5 in Shields
  7318 | D:8      | Noticed Maggie
  7319 | D:8      | Noticed Prince Ribbit
  7342 | D:8      | Killed Maggie
  7358 | D:8      | Killed Prince Ribbit
  7514 | D:8      | Noticed a two-headed ogre
  7515 | D:8      | Noticed a two-headed ogre
  7530 | D:8      | Killed a two-headed ogre
  7533 | D:8      | Killed a two-headed ogre
  7534 | D:8      | Reached skill level 9 in Maces & Flails
  8030 | D:9      | Reached XP level 11. HP: 74/83 MP: 9/11
  8042 | D:9      | Noticed a two-headed ogre
  8045 | D:9      | Found a staircase to the Lair.
  8047 | D:9      | Killed a two-headed ogre
  8047 | D:9      | Reached ***** piety under Trog
  8048 | D:9      | Reached skill level 10 in Maces & Flails
  8069 | D:9      | Found a shimmering blue altar of Sif Muna.
  8294 | D:9      | Found a faded altar of an unknown god.
  8294 | D:9      | Found a faded altar of an unknown god.
  8298 | D:9      | Found a hazy altar of Hepliaklqana.
  8615 | D:10     | Entered Level 10 of the Dungeon
  8622 | D:10     | Noticed a deep elf pyromancer
  8775 | D:10     | Killed a deep elf pyromancer
  8775 | D:10     | Received a gift from Trog
  8834 | D:10     | Found an ornate altar of the Wu Jian Council.
  8834 | D:10     | Noticed a two-headed ogre
  8851 | D:10     | Killed a two-headed ogre
  9168 | D:10     | You fall into a shaft and drop 3 floors!
  9170 | D:13     | Noticed a centaur warrior
  9180 | D:13     | Killed a centaur warrior
  9181 | D:13     | Reached skill level 11 in Maces & Flails
  9231 | D:12     | Noticed Azrael
  9262 | D:12     | Killed Azrael
  9389 | D:12     | Identified the +2 short sword "Dielahus" {speed, *Corrode
                  | rC+ Int+7}
  9752 | D:10     | Identified the +3 mace "Tollalew" {drain, rF+++ rN+ Int-5}
  9769 | D:10     | Found a portal to a secret trove of treasure.
  9966 | D:11     | Reached XP level 12. HP: 86/92 MP: 12/12
 10044 | D:11     | Gained mutation: You passively dampen the noise of your
                  | surroundings. [potion of mutation]
 10044 | D:11     | Gained mutation: You have a beak for a mouth. [potion of
                  | mutation]
 10045 | D:11     | Lost mutation: You have a beak for a mouth. [potion of
                  | mutation]
 10045 | D:11     | Lost mutation: You passively dampen the noise of your
                  | surroundings. [potion of mutation]
 10045 | D:11     | Gained mutation: You have supernaturally acute eyesight.
                  | (SInv) [potion of mutation]
 10045 | D:11     | Gained mutation: You have a pair of small horns on your
                  | head. [potion of mutation]
 10045 | D:11     | Gained mutation: You are frail. (-10% HP) [potion of
                  | mutation]
 10045 | D:11     | Gained mutation: You are resistant to electric shocks.
                  | (rElec) [potion of mutation]
 10053 | D:11     | Found a staircase to the Orcish Mines.
 10111 | D:11     | Reached skill level 1 in Stealth
 10234 | D:11     | Noticed a tengu warrior
 10245 | D:11     | Killed a tengu warrior
 10340 | D:11     | Noticed Sonja
 10391 | D:11     | Killed Sonja
 10392 | D:11     | Reached skill level 12 in Maces & Flails
 10836 | D:11     | Reached skill level 1 in Throwing
 10860 | D:11     | HP: 3/82 [hell knight/+5 heavy demon blade (23)]
 10865 | D:11     | Demolished by a hell knight

Illustrated notes

Levels and vault maps discovered:
D:1:      roderic_octagonal_star, layout_rooms
D:2:      layout_loops_corners, minivault_24, hangedman_decor_growths,
          uniq_natasha
D:3:      layout_basic, cheibrodos_ashenzari_chains,
          amethyst_overflow_temple_binary, gammafunk_ghost_mausoleum,
          dreamdust_ecumenical_altar_statues, minmay_quadrilaterals
D:4:      layout_basic, zin_treasury
D:5:      layout_cave_pools, grunt_gozag_statues, xom_butterflies,
          portal_sewer_entry_e, uniq_sigmund
D:6:      layout_loops_ring, fedhas_altar_3
D:7:      cheibrodos_fzero, layout_basic, mainiacjoe_overflow_catwalk,
          okawaru_gym_becter, minmay_temple_entry_sparse_star
D:8:      layout_rooms, nicolae_phantomly_mirrored, uniq_prince_ribbit1,
          uniq_pikel, uniq_maggie
D:9:      layout_loops_cross, mainiacjoe_overflow_paths,
          nicolae_hepliaklqana_ecumenical_no_more, minmay_lair_entry_grove
D:10:     layout_rooms, nicolae_trove_entry_path_of_doom,
          hangedman_feature_mirror, st_stairs_4
D:11:     layout_small_grid, david_orc_1_choice, serial_bayou_pond_d,
          minmay_rotating_lava, uniq_sonja
D:12:     layout_rooms, dreamdust_mushroom_princess, uniq_azrael
D:13:     layout_layer_cave
Temple:   jpeg_temple_clearing

Skill      XL: |  1  2  3  4  5  6  7  8  9 10 11 12 |
---------------+-------------------------------------+-----
Axes           | 3 4 |  4.1
Armour         | 2 3 4 5 6 7 8 |  8.8
Dodging        | 2 3 4 |  4.8
Fighting       | 4 5 6 7 8 |  8.0
Maces & Flails | 1 2 4 6 8 9 11 12 | 12.0
Shields        | 1 2 4 5 6 |  6.9
Stealth        | 1 |  1.2
Throwing       | 1 |  1.1

Action                     |  1- 3 |  4- 6 |  7- 9 | 10-12 || total
---------------------------+-------+-------+-------+-------++-------
  Melee: Hand axe          |    95 |    76 |       |       ||   171
         Touch             |    13 |    26 |    59 |    71 ||   169
         Mace              |       |    86 |   266 |   122 ||   474
         Punch             |       |     1 |     4 |     3 ||     8
         Morningstar       |       |       |       |   319 ||   319
         Headbutt          |       |       |       |    11 ||    11
  Throw: Boomerang         |       |       |     1 |     2 ||     3
         Dart              |       |       |       |     6 ||     6
 Invoke: Berserk           |       |     1 |     1 |     4 ||     6
         Trog's Hand       |       |       |       |     2 ||     2
  Evoke: Wand              |       |       |       |     1 ||     1
         Phantom mirror    |       |       |       |     1 ||     1
    Use: Scroll            |       |    13 |     6 |     4 ||    23
         Potion            |       |       |       |    11 ||    11
 Armour: Ring mail         |    55 |    23 |       |       ||    78
         Scale mail        |       |    95 |     1 |       ||    96
         Skin              |       |     3 |       |       ||     3
         Chain mail        |       |       |   173 |    24 ||   197
         Plate armour      |       |       |       |   350 ||   350
  Dodge: Dodged            |    68 |    91 |   131 |   161 ||   451
  Block: Other             |       |    35 |    89 |   147 ||   271
         Buckler           |       |       |       |    61 ||    61
